 Dungeon Crawl Stone Soup version 0.30-a0-339-g89bb51ec76 (webtiles) character file.

Game seed: 8522111802303662124

646 ytrimaz the Trooper (level 7, -9/60 HPs)
             Began as a Formicid Fighter on Oct 31, 2022.
             Was a Follower of Okawaru.
             Mangled by an ogre
             ... wielding a +0 giant spiked club
              (22 damage)
             ... on level 5 of the Dungeon.
             The game lasted 00:04:16 (3947 turns).

ytrimaz the Trooper (Formicid Fighter)              Turns: 3947, Time: 00:04:16

Health: -9/60      AC: 13    Str: 22    XL:     7   Next: 82%
Magic:  6/7        EV:  6    Int:  8    God:    Okawaru [*.....]
Gold:   301        SH:  5    Dex: 13    Spells: 6/6 levels left

rFire   . . .      SeeInvis +    a - +0 war axe
rCold   . . .      Faith    .    c - +0 buckler
rNeg    . . .      Spirit   .    v - +0 plate armour
rPois   +          Reflect  .    (helmet unavailable)
rElec   .          Harm     .    m - +0 cloak
rCorr   .          Rampage  .    (no gloves)
Will    .....      Clarity  +    k - +0 pair of boots
Stlth   ..........               h - amulet of the acrobat
HPRegen 0.30/turn                (no ring)
MPRegen 0.10/turn                (no ring)

@: no status effects
A: permanent stasis, dig shafts and tunnels, antennae 3, four strong arms,
clarity, passive freeze, poison resistance, screaming 1
a: Dig, Shaft Self, Renounce Religion, Heroism


You were on level 5 of the Dungeon.
You worshipped Okawaru.
Okawaru was aware of your devotion.
You visited 2 branches of the dungeon, and saw 6 of its levels.

You collected 301 gold pieces.


Innate Abilities, Weirdness & Mutations

You cannot be hasted, slowed, berserked, paralysed or teleported.
You can dig through walls and to a lower floor.
You have a pair of large antennae on your head. (SInv)
Your four strong arms can wield two-handed weapons with a shield.
You possess an exceptional clarity of mind.
A frigid envelope surrounds you and freezes all who hurt you.
Your system is resistant to poisons. (rPois)
You occasionally shout uncontrollably at your foes.


   Skills:
 + Level 7.0 Fighting
 + Level 5.9 Axes
 - Level 3.2 Armour
 - Level 4.0 Shields


You had 6 spell levels left.
You didn't know any spells.
Your spell library contained the following spells:

 Spells                   Type           Power      Damage    Failure   Level
 Apportation              Tloc           0%         N/A       100%        1
 Necrotise                Necr           0%         1d4       100%        1
 Summon Small Mammal      Summ           Unusable   N/A       N/A         1

Inventory:

Hand Weapons
 a - a +0 war axe (weapon)
Armour
 c - a +0 buckler (worn)
 k - a +0 pair of boots (worn)
   (You found it on level 3 of the Dungeon)
 m - a +0 cloak (worn)
   (You found it on level 3 of the Dungeon)
 v - a +0 plate armour (worn)
   (You found it on level 5 of the Dungeon)
Jewellery
 h - an amulet of the acrobat (around neck)
   (You found it on level 4 of the Dungeon)
Wands
 o - a wand of flame (12)
   (You found it on level 3 of the Dungeon)
 w - a wand of polymorph (13)
   (You found it on level 4 of the Dungeon)
Scrolls
 r - 3 scrolls of noise
Potions
 d - a potion of might
 e - a potion of berserk rage {unknown}
 f - 2 potions of cancellation
 g - 2 potions of lignification {unknown}
 i - 2 potions of flight
 j - a potion of haste {unknown}
 l - 2 potions of heal wounds {unknown}
 p - 2 potions of curing {unknown}
 q - a potion of ambrosia {unknown}
 s - a potion of invisibility {unknown}
 t - a potion of degeneration {unknown}
 u - a potion of attraction {unknown}

Dungeon Overview and Level Annotations

Branches:
Dungeon (5/15) Zot: 26184  Temple (1/1) D:4 Zot: 5807

Altars:
Ashenzari
Dithmenos
Elyvilon
Fedhas
Gozag
Hepliaklqana
Kikubaaqudgha
Makhleb
Nemelex Xobeh
Okawaru
Qazlal
Sif Muna
Trog
Wu Jian
Xom
Yredelemnul
Zin
The Shining One

≈~~~~#8..8....## ##
~~####8..8.....# #
######.....###..#
##..#.<.....####.##
#............#
##.##
#.###!........#
##.### ##.######..#
##..# #.# #.# ##..
#@# #.# #..


#loOS# #....... #..##oh #####.. #.. #... #.. ... .#... #.. .. # #..# #.. . ..#
... ..# .... You could see an orc warrior, an ogre, an iguana, a hound, an adder
and an orc.


Message History

v - a +0 plate armour You start removing your armour.
You continue taking off your +1 scale mail. x4
You finish taking off your +1 scale mail.
You start putting on your armour.
You continue putting on your +0 plate armour. x5
You finish putting on your +0 plate armour.
You drop a +1 scale mail.
You drop an amulet of faith.
There is a stone staircase leading up here.
r - 3 scrolls of noise (gained 1)
You see here a ring of poison resistance.
Key pressed, stopping explore.
Key pressed, stopping explore.
Unknown command.
You sense a monster nearby.
You see here a ring of poison resistance.
You see here a +0 robe of fire resistance.
An acid dragon comes into view.
The acid dragon roars!
You hear a shout!
You hear an angry hiss.
You hear a shout!
A dart slug comes into view.
The acid dragon spits acid at you. The splash of acid hits you! 😮 HP[-17]
You take 17 damage, and now have 42/59 hp.
MASSIVE DAMAGE!! (PAUSE) Search for what [? for help]? ring You gain the combat prowess of a mighty hero. 😮 HP[+1] MP[-2]
You lost 2 mp, and now have 5/7 mp.
An orc and an ogre come into view.
The orc shouts!
The ogre shouts!
You hear an angry hiss.
You hear a bark!
Things that are here:
a potion of mutation; 8 gold pieces An ufetubus comes into view.
The ufetubus shouts!
You hear a shout!
You hear an angry hiss.
The acid dragon spits acid at you. The splash of acid misses you.
You barely miss the acid dragon. You block the acid dragon's attack.
The acid dragon barely misses you. 😮 HP[+1] Unknown command.
You slash the acid dragon! The acid dragon barely misses you.
The acid dragon claws you but does no damage.
The acid dragon is very cold.
An adder comes into view.
A hound comes into view.
You slice the acid dragon!!
You kill the acid dragon!
Okawaru accepts your kill.
Unknown command.
You block the dart slug's attack.
Unknown command.
You hit the dart slug.
The dart slug bites you but does no damage.
The dart slug is very cold.
You kill the dart slug!
Okawaru accepts your kill. 😕 HP[+1]
An orc warrior and an iguana come into view.
The orc warrior is wielding a +0 long sword and wearing a +2 chain mail of fire resistance.
The orc warrior shouts!
The iguana hisses angrily.
The ufetubus closely misses you. You block the ufetubus's attack.
The ogre misses you. The ufetubus barely misses you. The ufetubus misses you.
Unknown command.
You closely miss the ufetubus. You hit the ogre.
You feel like a meek peon again.
The ufetubus hits you but does no damage.
The ufetubus completely resists.
The ufetubus hits you but does no damage.
The ufetubus resists.
The ufetubus is very cold.
The ogre hits you with a +0 giant spiked club!!
* * * LOW HITPOINT WARNING * * *
The ogre is very cold. 😨 HP[-29] MP[+1]
You take 29 damage, and now have 16/59 hp.
MASSIVE DAMAGE!! (PAUSE)
You are too injured to fight recklessly!
You barely miss the ogre. You barely miss the ufetubus.
The ufetubus hits you but does no damage.
The ufetubus resists.
The ufetubus is very cold.
The ufetubus hits you but does no damage.
The ufetubus hits you.
* * * LOW HITPOINT WARNING * * *
The ufetubus completely resists.
The ufetubus hits you.
* * * LOW HITPOINT WARNING * * *
The ufetubus resists.
The ufetubus is very cold.
You kill the ufetubus!
Okawaru accepts your kill. You block the ogre's attack.
Your Fighting skill increases to level 7! 😱 HP[-4]
You now have 60 max hp (+1).
You take 4 damage, and now have 12/60 hp.
Unknown command.
You hit the ogre. You hit the adder but do no damage.
The adder closely misses you. The adder barely misses you.
You hit the ogre. You slash the adder!
The ogre hits you with a +0 giant spiked club!!
You die...

Skill      XL: |  1  2  3  4  5  6  7 |
---------------+----------------------+-----
Fighting       | 4 5 6 7 |  7.0
Axes           | 3 4 5 |  5.9
Armour         | |  3.2
Shields        | |  4.0

Action                   |  1- 3 |  4- 6 |  7- 9 || total
-------------------------+-------+-------+-------++-------
Melee: War axe           |    67 |    49 |    29 ||   145
Invok: Heroism           |       |     1 |     1 ||     2
  Use: Scroll            |     3 |     1 |     6 ||    10
       Potion            |     1 |       |       ||     1
Armor: Scale mail        |    27 |    22 |    11 ||    60
       Plate armour      |       |       |     6 ||     6
Dodge: Dodged            |    45 |    18 |    28 ||    91
Block: Buckler           |    30 |    11 |     7 ||    48

Levels and vault maps discovered:
D:1:      ldierk_water_garden, layout_loops_cross, basic_ecumenical_altar
D:2:      cheibrodos_pilgrimage, layout_basic
D:3:      layout_basic, xom_teletrap_fun, evilmike_ruin_ashenzari,
          nicolae_elyvilon_peaceful_grove, nicolae_overflow_crystal_walls,
          overflow_temple_1_default
D:4:      layout_rooms, mainiacjoe_overflow_cross_hatched,
          nicolae_tso_carved_into_rock, minmay_temple_entry_grid
D:5:      wander_river, layout_layer_cave, minivault_26, minmay_manual_mess
Temple:   nicolae_temple_bog_church

Notes
Turn   | Place    | Note
-------+----------+-------------------------------------------
     0 | D:1      | ytrimaz the Formicid Fighter began the quest for the Orb.
     0 | D:1      | Reached XP level 1. HP: 18/18 MP: 1/1
     0 | D:1      | magus.rc [v1.9.6]
    32 | D:1      | Found a faded altar of an unknown god.
    47 | D:1      | Reached XP level 2. HP: 24/24 MP: 2/2
    49 | D:1      | You pick up a book of Cantrips and begin reading...
    49 | D:1      | You add the spells Necrotise, Summon Small Mammal and
                  | Apportation to your library.
   521 | D:1      | Reached XP level 3. HP: 28/30 MP: 3/3
   616 | D:1      | Reached skill level 4 in Fighting
   620 | D:1      | Gained mutation: A frigid envelope surrounds you and
                  | freezes all who hurt you. [potion of mutation]
   620 | D:1      | Gained mutation: You occasionally shout uncontrollably at
                  | your foes. [potion of mutation]
   620 | D:1      | Gained mutation: Your system is resistant to poisons.
                  | (rPois) [potion of mutation]
   620 | D:1      | Gained mutation: You possess an exceptional clarity of
                  | mind. [potion of mutation]
   767 | D:2      | You fall into a shaft and drop 2 floors!
   826 | D:4      | Found a staircase to the Ecumenical Temple.
   850 | Temple   | Entered the Ecumenical Temple
   887 | Temple   | Became a worshipper of Warmaster Okawaru
  1086 | D:3      | Found a broken altar of Ashenzari.
  1138 | D:3      | Reached skill level 3 in Axes
  1254 | D:3      | Reached XP level 4. HP: 24/38 MP: 4/4
  1357 | D:3      | Found a burning altar of Makhleb.
  1411 | D:3      | Found a shimmering altar of Xom.
  1443 | D:3      | Found a blossoming altar of Fedhas.
  2201 | D:2      | Reached XP level 5. HP: 35/43 MP: 5/5
  2204 | D:2      | Reached skill level 5 in Fighting
  2209 | D:2      | Reached skill level 4 in Axes
  2432 | D:3      | Found a white marble altar of Elyvilon.
  2772 | D:4      | Found a glowing golden altar of the Shining One.
  2788 | D:4      | Reached XP level 6. HP: 43/51 MP: 6/6
  2910 | D:4      | Found a bloodstained altar of Trog.
  3015 | D:4      | Noticed a black bear
  3019 | D:4      | Noticed an ogre
  3020 | D:4      | Killed a black bear
  3020 | D:4      | Reached * piety under Okawaru
  3026 | D:4      | Killed an ogre
  3027 | D:4      | Reached skill level 6 in Fighting
  3027 | D:4      | Reached skill level 5 in Axes
  3027 | D:4      | Reached XP level 7. HP: 34/58 MP: 4/7
  3506 | D:5      | Entered Level 5 of the Dungeon
  3931 | D:5      | Noticed an acid dragon
  3940 | D:5      | Killed an acid dragon
  3945 | D:5      | HP: 13/59 [ufetubus (4)]
  3946 | D:5      | Reached skill level 7 in Fighting
  3947 | D:5      | Mangled by an ogre

Vanquished Creatures
  An acid dragon (D:5)
  A black bear (D:4)
  An ogre (D:4)
  A jelly (D:5)
  A hound (D:5)
  2 orc priests
  An iguana (D:4)
  3 orc wizards
  4 gnolls (D:3)
  2 adders
  An ufetubus (D:5)
  3 dart slugs
  14 orcs
  6 endoplasms
  3 giant cockroaches
  6 goblins
  3 hobgoblins (D:4)
  4 jackals (D:1)
  A quokka (D:1)
  4 ball pythons
  5 frilled lizards
  3 kobolds
  6 rats
  A butterfly (D:3)
  A toadstool (D:1)
78 creatures vanquished.

Vanquished Creatures (others)
  3 toadstools (D:1)
3 creatures vanquished.

Grand Total: 81 creatures vanquished

Table legend:
 A = Non-vault XP
 B = Vault XP
 C = Vault XP percentage of total XP
 D = Non-vault monster count
 E = Vault monster count
 F = Vault count percentage of total count
                 A         B        C        D         E       F
            +---------+---------+-------+---------+---------+-------
      Total |     639 |     284 |  30.8 |      68 |       8 |  10.5
            +---------+---------+-------+---------+---------+-------
        D:1 |      37 |       0 |   0.0 |      23 |       0 |   0.0
        D:2 |      11 |     119 |  91.5 |       6 |       6 |  50.0
        D:3 |      88 |       0 |   0.0 |      19 |       0 |   0.0
        D:4 |     395 |       0 |   0.0 |      14 |       0 |   0.0
        D:5 |     108 |     165 |  60.4 |       6 |       2 |  25.0
            +---------+---------+-------+---------+---------+-------

Illustrated notes

Table legend:
 A = Kills in this place as a percentage of kills in entire the game.
 B = Kills by you in this place as a percentage of kills by you in the entire game.
 C = Kills by friends in this place as a percentage of kills by friends in the entire game.
 D = Other kills in this place as a percentage of other kills in the entire game.
 E = Experience gained in this place as a percentage of experience gained in the entire game.
 F = Experience gained in this place divided by the number of levels of this place that you have seen.
                   A       B       C       D       E      F
               +-------+-------+-------+-------+-------+----------------------
         Total | 100.0 | 100.0 |   N/A |   N/A | 100.0 | 153.8
       Dungeon | 100.0 | 100.0 |   N/A |   N/A | 100.0 | 184.6
               +-------+-------+-------+-------+-------+----------------------

Table legend: (Time is in decaauts)
 A = Elapsed time spent in this place.
 B = Non-inter-level travel time spent in this place.
 C = Inter-level travel time spent in this place.
 D = Time resting spent in this place.
 E = Time spent auto-exploring this place.
 F = Levels seen in this place.
 G = Mean time per level.
                   A        B        C        D        E       F      G
               +--------+--------+--------+--------+--------+-----+--------+
         Total |   4006 |   3903 |    103 |      0 |   3304 |   6 |  667.7 |
       Dungeon |   3814 |   3724 |     90 |      0 |   3136 |   5 |  762.8 |
        Temple |    192 |    179 |     13 |      0 |    168 |   1 |  192.0 |
               +--------+--------+--------+--------+--------+-----+--------+

Top non-repeatable levels by time:
     D:2: 1049 daAuts
     D:4: 860 daAuts
     D:3: 784 daAuts
     D:1: 673 daAuts
     D:5: 447 daAuts
  Temple: 192 daAuts
